 Dungeon Crawl Stone Soup version 0.26-a0-652-gafc20e3620 (webtiles) character file.

Game seed: 11082656740678230860

49 robertstho the Conjurer (level 3, -2/19 HPs)
             Began as a Deep Elf Conjurer on Oct 2, 2020.
             Slain by an orc
             ... wielding a +0 hand axe
              (8 damage)
             ... on level 3 of the Dungeon.
             The game lasted 00:02:22 (1477 turns).

robertstho the Conjurer (Deep Elf Conjurer)         Turns: 1477, Time: 00:02:22

Health: -2/19      AC:  2    Str:  4    XL:     3   Next: 51%
Magic:  10/10      EV: 13    Int: 23    God:
Gold:   62         SH:  0    Dex: 13    Spells: 3/9 levels left

rFire    . . .     SeeInvis .   j - +1 short sword (freeze)
rCold    . . .     Faith    .   (no shield)
rNeg     . . .     Spirit   .   a - +0 robe
rPois    .         Reflect  .   (no helmet)
rElec    .         Harm     .   (no cloak)
rCorr    .         Rampage  .   (no gloves)
MR       .....                  (no boots)
Stlth    ++........             (no amulet)
HPRegen  0.06/turn              (no ring)
MPRegen  0.12/turn              (no ring)

@: no status effects
A: no striking features
a: no special abilities


You were on level 3 of the Dungeon.
You visited 1 branch of the dungeon, and saw 3 of its levels.

You collected 62 gold pieces.

Inventory:

Hand Weapons
 g - a +0 short sword
 j - a +1 short sword of freezing (weapon)
Armour
 a - a +0 robe (worn)
Jewellery
 c - an uncursed amulet of faith {unknown}
 k - an uncursed ring of magical power {unknown}
Scrolls
 d - 3 scrolls of teleportation {unknown}
 e - 2 scrolls of identify {unknown}
 m - 2 scrolls of enchant weapon {unknown}
Potions
 b - a potion of mutation {unknown}
 f - a potion of heal wounds {unknown}
 h - 2 potions of haste {unknown}
 i - 2 potions of invisibility {unknown}
 l - a potion of stabbing {unknown}


   Skills:
 + Level 2.6 Dodging
 + Level 2.4 Stealth
 * Level 3.5 Spellcasting
 * Level 5.5 Conjurations


You had 3 spell levels left.
You knew the following spells:

 Your Spells              Type           Power        Failure   Level
a - Magic Dart            Conj           ####         1%          1
b - Searing Ray           Conj           ####..       1%          2
c - Dazzling Flash        Conj/Hex       ###...       11%         3

Your spell library contained the following spells:

 Spells                   Type           Power        Failure   Level
 Fulminant Prism          Conj/Hex       ###.......   34%         4
 Iskenderun's Mystic Bla  Conj/Tloc      ###.....     34%         4


Dungeon Overview and Level Annotations

Branches:
Dungeon (3/15)

Altars:
Nemelex Xobeh


Message History

You kill the hobgoblin! (Press . to maintain the ray.) Unknown command.
Things that are here:
a cursed -1 club; a hobgoblin corpse An orc and an orc wizard come into view.
There are monsters nearby!
There are monsters nearby!
There are monsters nearby!
There are monsters nearby!
An orc comes into view. It is wielding a +0 hand axe.
The orc shouts!
You hear a shout!
The orc shouts!
You hear a shout!
An orc priest comes into view. It is wielding a +0 short sword.
An orc priest comes into view. It is wielding a +0 trident.
You hear an angry hiss.
The orc priest mumbles some strange prayers to Beogh against you.
Beogh smites you!
Ouch! That really hurt!
The orc hits you with a +0 hand axe!
You die...

...........#...†....
.......#).........#
. ...##.#.#.######
## ..###.)#
#.#.#.#.# #.#..##.#
# #.###.# #.# #.#
#@# #.# #o# #.# #.#
#.#


ooo .o. ###.# .# .# You could see 2 orc priests, an orc wizard (wandering) and 2
orcs.

Vanquished Creatures
  An adder (D:2)
  An ooze (D:2)
  2 dart slugs (D:1)
  An orc (D:2)
  5 giant cockroaches
  6 hobgoblins
  2 kobolds
  A ball python (D:1)
  3 frilled lizards (D:1)
  5 goblins
  3 rats
30 creatures vanquished.

Notes
Turn   | Place    | Note
-------+----------+-------------------------------------------
     0 | D:1      | robertstho the Deep Elf Conjurer began the quest for the
                  | Orb.
     0 | D:1      | Reached XP level 1. HP: 10/10 MP: 6/6
   240 | D:1      | Reached XP level 2. HP: 15/15 MP: 5/8
   256 | D:1      | Learned a level 2 spell: Searing Ray
   352 | D:1      | Reached skill level 5 in Conjurations
   793 | D:2      | Found a sparkling altar of Nemelex Xobeh.
   798 | D:2      | Reached XP level 3. HP: 19/19 MP: 5/9
  1002 | D:2      | Found a faded altar of an unknown god.
  1445 | D:3      | Learned a level 3 spell: Dazzling Flash
  1477 | D:3      | Slain by an orc

Illustrated notes

Levels and vault maps discovered:
D:1:      dpeg_arrival_more_subterranean_lakeside_camping, layout_basic,
          st_stairs_1
D:2:      layout_basic, chequers_ecumenical_altar_simple_redux,
          minmay_misc_feat_encased, hangedman_decor_opposing,
          nemelex_dance_club_becter
D:3:      layout_loops_ring, lemuel_round_altar

Skill      XL: |  1  2 |
---------------+-------+-----
Conjurations   | 5 |  5.5
Dodging        | |  2.6
Stealth        | |  2.4
Spellcasting   | |  3.5

Action                   || total
-------------------------++-------
 Cast: Magic Dart        ||    24
       Searing Ray       ||    14
Armor: Robe              ||     1
Dodge: Dodged            ||     1

Table legend: (Time is in decaauts)
 A = Elapsed time spent in this place.
 B = Non-inter-level travel time spent in this place.
 C = Inter-level travel time spent in this place.
 D = Time resting spent in this place.
 E = Time spent auto-exploring this place.
 F = Levels seen in this place.
 G = Mean time per level.
                   A        B        C        D        E       F      G
               +--------+--------+--------+--------+--------+-----+--------+
         Total |   1476 |   1433 |     43 |    215 |   1075 |   3 |  492.0 |
       Dungeon |   1476 |   1433 |     43 |    215 |   1075 |   3 |  492.0 |
               +--------+--------+--------+--------+--------+-----+--------+

Top non-repeatable levels by time:
     D:2: 755 daAuts
     D:1: 682 daAuts
     D:3: 38 daAuts
